Map: Cañón atribulado

Players

MrFercho

  • Race: Zerg Zerg
  • League: Silver
  • Spawn Location: 3:00

tigro

  • Race: Terran Terran
  • League: Bronze
  • Spawn Location: 12:00

TATORREA

  • Race: Protoss Protoss
  • League: Silver
  • Spawn Location: 12:00

Red - Winner!

  • Race: Zerg Zerg
  • League: Diamond
  • Spawn Location: 6:00

Sabotinsky - Winner!

  • Race: Terran Terran
  • League: Diamond
  • Spawn Location: 6:00

ROB - Winner!

  • Race: Terran Terran
  • League: Gold
  • Spawn Location: 7:00

VOD

Have the link to the VOD?

Description

Time

  • Played on: May 28, 2020, 9:51 p.m.
  • Length: 10:55
Show
View Real Time Build Order
Export as new Build Order

MrFercho Zerg 

Build Orders: Hatch First 

Get SALT Encoding   

  12  0:02  Drone  
  13  0:20  Drone  
  14  0:49  Extractor x2  
  12  0:59  Hatchery  
  11  1:05  Spawning Pool  
  10  1:13  Overlord  
  10  1:28  Drone  
  10  1:29  Drone x2  
  14  1:54  Drone x2  
  14  1:59  Queen  
  17  2:02  Drone  
  18  2:20  Baneling Nest  
  17  2:29  Roach Warren  
  16  2:33  Evolution Chamber, Drone  
  16  2:36  Drone  
  17  2:46  Drone x2  
  19  3:03  Zerg Ground Armor Level 1  
  19  3:09  Drone  
  19  3:11  Drone  
  21  3:26  Drone  
  22  3:27  Drone  
  22  3:28  Drone x2  
  25  3:55  Hatchery  
  24  4:02  Lair  
  24  4:16  Roach  
  26  4:17  Roach  
  26  4:20  Overlord  
  25  4:49  Roach x5  
  35  5:01  Overlord x2  
  35  5:08  Drone  
  35  5:10  Drone  
  35  5:11  Drone  
  38  5:23  Glial Reconstitution  
  38  5:34  Zerg Ground Armor Level 2  
  38  5:48  Drone  
  38  5:49  Drone x4  
  43  5:59  Extractor x2  
  43  6:00  Overseer  
  41  6:17  Roach  
  41  6:18  Roach x4  
  51  6:44  Pneumatized Carapace  
  51  6:54  Spine Crawler  
  51  6:55  Roach  
  51  6:56  Roach x3  
  51  6:58  Spine Crawler  
  51  7:00  Overlord  
  57  7:07  Tunneling Claws  
  57  7:15  Drone  
  58  7:20  Drone x3  
  58  7:21  Drone x3  
  64  7:56  Roach  
  64  7:57  Overlord x2  
  64  7:58  Overlord x2  
  50  9:41  Roach  
  50  9:42  Roach x8  
  68  10:04  Spire  
Show
View Real Time Build Order
Export as new Build Order

tigro Terran 

Build Orders:  

Get SALT Encoding   

  12  0:04  SCV  
  13  0:16  SCV  
  14  0:21  Supply Depot  
  14  0:31  SCV  
  15  0:43  SCV  
  16  0:55  SCV  
  16  0:56  Barracks  
  17  0:59  Refinery  
  17  1:17  Refinery, SCV  
  18  1:29  SCV  
  19  1:41  SCV  
  19  1:43  Supply Depot  
  20  1:47  Marine  
  20  1:53  SCV  
  22  2:05  Marine, SCV  
  24  2:14  Barracks  
  24  2:18  SCV  
  25  2:22  Marine  
  25  2:24  Engineering Bay  
  26  2:30  SCV  
  27  2:40  Marine  
  28  2:53  Orbital Command  
  28  2:58  Marine  
  29  3:18  Factory  
  28  3:31  Barracks Tech Lab  
  28  3:33  Barracks Tech Lab  
  28  3:51  Combat Shield, Command Center  
  28  3:53  Stimpack  
  28  4:01  Terran Infantry Weapons Level 1  
  28  4:16  Marine  
  29  4:18  Marine  
  30  4:33  Marine  
  30  4:36  Marine  
  32  4:45  Starport, Factory Tech Lab  
  32  4:51  Marine  
  33  4:54  Marine  
  34  5:06  Planetary Fortress  
  34  5:09  Marine  
  34  5:10  Concussive Shells  
  34  5:11  Marine  
  34  5:12  Refinery  
  36  5:27  Marine  
  37  5:41  Medivac  
  39  5:55  Armory, Terran Infantry Armor Level 1  
  39  5:56  SCV  
  40  6:08  SCV  
  40  6:20  SCV  
  41  6:28  Marine  
  43  6:32  SCV  
  43  6:44  SCV  
  43  6:45  Siege Tank  
  43  6:46  Marine  
  48  6:47  Marine  
  49  7:04  Marine  
  49  7:05  Marine  
  51  7:12  Starport Tech Lab  
  51  7:17  Siege Tank  
  54  7:24  Marine x2  
  56  7:42  Marine x2  
  58  7:48  Banshee  
  58  7:49  Fusion Core, Neosteel Armor  
  61  7:59  Supply Depot  
  61  8:00  Marine  
  62  8:12  Refinery  
  62  8:21  Marine, Siege Tank  
  62  8:24  Supply Depot  
  66  8:30  Banshee  
  69  8:50  SCV  
  70  9:02  SCV  
  71  9:14  Battlecruiser, SCV  
  78  9:29  Missile Turret  
  78  9:30  Hi-Sec Auto Tracking, SCV  
  79  9:42  SCV  
  60  9:51  Missile Turret  
  42  10:11  Marine  
  42  10:13  Marine, Missile Turret  
  41  10:29  Marine  
  41  10:31  Marine  
Show
View Real Time Build Order
Export as new Build Order

TATORREA Protoss 

Build Orders: Chargelot Immortal 

Get SALT Encoding   

  12  0:02  Probe  
  13  0:29  Probe  
  14  0:40  Pylon  
  14  0:43  Probe  
  15  0:58  Probe  
  15  1:02  Assimilator  
  16  1:11  Probe  
  17  1:23  Probe  
  18  1:38  Probe  
  19  1:40  Gateway  
  19  1:44  Gateway  
  19  1:46  Assimilator  
  19  1:50  Probe  
  20  1:55  Pylon  
  20  1:59  Pylon  
  20  2:02  Probe  
  21  2:15  Probe  
  22  2:17  Nexus  
  22  2:33  Cybernetics Core  
  22  2:35  Forge  
  22  2:46  Probe  
  23  2:58  Probe  
  24  3:12  Warp Gate  
  24  3:13  Protoss Ground Weapons Level 1  
  24  3:15  Probe  
  25  3:27  Probe  
  25  3:28  Adept x2  
  30  3:36  Twilight Council  
  30  3:39  Pylon, Probe  
  31  3:49  Probe  
  31  3:53  Pylon  
  31  3:54  Probe  
  33  3:57  Pylon  
  33  4:02  Probe  
  34  4:06  Adept, Probe  
  36  4:10  Adept  
  37  4:14  Probe  
  40  4:18  Probe  
  41  4:27  Probe  
  42  4:33  Probe  
  42  4:38  Resonating Glaives  
  43  4:39  Probe  
  42  5:06  Probe x2  
  44  5:18  Assimilator, Probe x2  
  44  5:19  Protoss Ground Weapons Level 2  
  46  5:22  Assimilator  
  46  5:30  Probe x2  
  48  5:45  Gateway  
  48  5:46  Protoss Air Weapons Level 1  
  48  5:47  Gateway  
  48  5:50  Gateway  
  48  5:54  Gateway  
  48  5:56  Stargate  
  48  5:58  Stargate  
  48  6:01  Robotics Facility  
  48  6:03  Robotics Facility, Probe x2  
  50  6:07  Pylon  
  50  6:15  Pylon  
  50  6:19  Pylon  
  50  6:20  Zealot x2  
  50  6:24  Charge (Chrono Boost)  
  54  6:47  Stalker x2  
  58  6:55  Zealot x3  
  58  6:56  Zealot  
  66  7:02  Oracle x2  
  66  7:05  Immortal  
  66  7:08  Immortal  
  80  7:22  Stalker  
  80  7:23  Stalker x3  
  80  7:28  Zealot  
  90  7:31  Zealot  
  86  9:07  Stalker  
  86  9:08  Stalker x3  
  86  9:09  Stalker x2  
  98  9:14  Void Ray  
  102  9:31  Void Ray  
  102  9:33  Immortal  
  102  9:35  Immortal  
  102  9:37  Pylon  
  58  9:56  Pylon  
  58  9:57  Phoenix  
  58  9:59  Pylon  
  59  10:13  Immortal  
  59  10:14  Phoenix  
  59  10:15  Immortal  
Show
View Real Time Build Order
Export as new Build Order

Red Zerg - Winner!

Build Orders: Hatch First 

Get SALT Encoding   

  12  0:01  Drone  
  13  0:13  Drone  
  14  0:18  Extractor, Drone  
  14  0:19  Extractor  
  15  0:31  Overlord  
  15  0:52  Drone  
  15  0:56  Hatchery  
  15  1:00  Drone  
  15  1:01  Drone  
  15  1:03  Drone  
  18  1:15  Extractor, Drone  
  18  1:25  Spawning Pool  
  18  1:26  Drone  
  18  1:35  Drone  
  20  1:47  Drone  
  20  1:51  Extractor  
  19  2:03  Hatchery  
  19  2:06  Drone  
  19  2:09  Drone x2  
  21  2:20  Queen  
  23  2:28  Drone x2  
  25  2:34  Metabolic Boost  
  25  2:44  Queen  
  25  2:49  Overlord  
  27  2:59  Zergling x2  
  28  3:10  Drone x5  
  33  3:16  Queen  
  33  3:19  Zergling x2  
  36  3:24  Zergling x4  
  38  3:28  Drone  
  38  3:29  Drone  
  38  3:32  Drone  
  38  3:33  Drone  
  42  3:40  Lair  
  42  3:45  Pneumatized Carapace  
  42  3:55  Spore Crawler  
  41  4:02  Drone  
  42  4:19  Overlord x3, Spore Crawler  
  39  4:51  Drone x4  
  39  4:52  Drone  
  43  4:54  Drone x5  
  43  4:55  Hydralisk Den, Drone x7  
  53  5:18  Extractor  
  52  5:27  Hydralisk x2  
  52  5:28  Hydralisk x5  
  58  5:33  Grooved Spines  
  66  5:39  Overlord  
  66  5:40  Overlord x2  
  66  5:59  Zergling x4  
  66  6:00  Zergling x10  
  73  6:05  Zergling x8  
  77  6:12  Baneling Nest  
  77  6:14  Drone x4  
  77  6:15  Drone  
  81  6:23  Drone x2  
  81  6:24  Evolution Chamber x2, Drone  
  82  6:44  Muscular Augments  
  81  6:53  Zerg Missile Weapons Level 1  
  81  6:54  Zerg Ground Armor Level 1  
  81  6:55  Drone x5  
  81  6:58  Baneling  
  81  6:59  Baneling x6  
  81  7:00  Baneling x4  
  81  7:01  Zergling x6  
  89  7:18  Hatchery  
  89  7:21  Centrifical Hooks  
  89  7:22  Zergling x2  
  89  7:23  Overlord x3  
  89  7:24  Overlord x2  
  89  7:26  Extractor, Drone  
  89  7:27  Extractor, Drone  
  89  7:39  Baneling x5, Hatchery  
  89  7:40  Baneling x5  
  89  7:42  Zergling x6  
  89  7:43  Zergling x8  
  95  7:52  Evolution Chamber  
  95  7:53  Drone x7  
  95  7:54  Drone  
  102  8:08  Spire  
  101  8:45  Zerg Melee Weapons Level 1  
  101  8:51  Extractor  
  98  9:09  Zergling x6  
  96  9:22  Evolution Chamber  
  94  9:24  Corruptor x3  
  94  9:25  Corruptor x3  
  106  9:41  Corruptor x3  
  106  9:43  Zergling x14  
  106  9:44  Zergling x18  
  123  10:18  Hydralisk x9  
Show
View Real Time Build Order
Export as new Build Order

Sabotinsky Terran - Winner!

Build Orders:  

Get SALT Encoding   

  12  0:01  SCV  
  13  0:13  SCV  
  14  0:22  Supply Depot  
  14  0:25  SCV  
  15  0:44  SCV  
  15  0:48  Barracks  
  16  1:00  SCV  
  16  1:02  Refinery  
  17  1:04  Refinery  
  17  1:12  Supply Depot, SCV  
  18  1:24  SCV  
  19  1:38  Supply Depot  
  19  1:42  SCV  
  19  1:45  Barracks Tech Lab  
  20  1:51  Factory  
  20  1:55  SCV  
  21  2:06  Reaper  
  21  2:08  Orbital Command  
  22  2:35  Starport  
  22  2:39  SCV  
  22  2:42  Factory Reactor  
  23  2:56  SCV  
  23  2:57  Supply Depot  
  24  3:08  SCV  
  24  3:28  Fusion Core  
  24  3:29  SCV  
  25  3:35  Command Center  
  25  3:41  SCV  
  26  3:43  Hellion  
  26  3:44  Hellion  
  30  4:07  Supply Depot  
  30  4:11  Supply Depot  
  30  4:21  Battlecruiser  
  36  4:30  Supply Depot  
  36  4:33  Hellion  
  36  4:34  Hellion  
  40  4:56  SCV  
  41  5:00  Hellion x2  
  41  5:06  Armory  
  45  5:08  SCV  
  46  5:15  Orbital Command  
  46  5:33  Battlecruiser  
  52  5:39  Hellion  
  52  5:42  Hellion  
  56  5:49  SCV  
  57  6:06  Hellion x2  
  61  6:23  Terran Ship Weapons Level 1, Starport  
  61  6:25  SCV  
  62  6:29  Hellion x2  
  66  6:36  Armory  
  66  6:56  SCV, Refinery x2  
  67  7:03  Factory  
  67  7:05  Hellion x2  
  67  7:06  Starport Reactor  
  73  7:16  SCV  
  74  7:24  Battlecruiser  
  78  7:36  SCV  
  79  7:37  Command Center  
  79  7:42  Supply Depot  
  79  7:43  Supply Depot, Medivac  
  81  7:44  Medivac  
  81  7:50  Hellion  
  85  7:58  Supply Depot  
  85  7:59  Terran Vehicle Weapons Level 1  
  85  8:00  Hellion  
  85  8:01  Supply Depot  
  85  8:02  Factory Tech Lab  
  87  8:06  Supply Depot x2  
  87  8:11  Hellion, SCV  
  90  8:21  Hellion  
  90  8:23  SCV  
  86  8:40  Battlecruiser  
  92  8:43  SCV x2  
  94  8:53  Orbital Command  
  94  9:00  Terran Vehicle And Ship Armor Level 1  
  94  9:01  Hellion, Engineering Bay  
  94  9:02  Hellion  
  98  9:04  SCV  
  99  9:18  Medivac  
  99  9:19  Medivac  
  99  9:20  Hellion  
  99  9:23  Hellion  
  91  9:55  Hellion x2  
  95  10:06  Missile Turret  
  95  10:08  Missile Turret  
  95  10:11  Missile Turret  
  95  10:13  Missile Turret  
  87  10:15  SCV  
  88  10:27  SCV  
  87  10:35  Missile Turret  
  87  10:39  SCV  
Show
View Real Time Build Order
Export as new Build Order

ROB Terran - Winner!

Build Orders:  

Get SALT Encoding   

  12  0:08  SCV  
  13  0:20  SCV  
  14  0:24  Supply Depot  
  14  0:32  Refinery  
  14  0:36  SCV  
  15  0:51  Barracks  
  15  1:01  Barracks  
  15  1:40  Supply Depot, Orbital Command  
  15  1:47  Marine  
  15  1:52  Barracks Tech Lab  
  16  2:00  Factory  
  16  2:05  Marine  
  17  2:23  Marine  
  18  2:38  Command Center  
  18  2:45  Factory Tech Lab  
  18  3:06  Siege Tank  
  21  3:19  SCV  
  22  3:31  SCV  
  23  3:38  Siege Tank  
  26  3:43  SCV  
  27  3:56  Refinery, SCV  
  27  3:58  Orbital Command  
  28  4:08  SCV  
  29  4:13  Marine x2  
  31  4:20  SCV  
  32  4:32  SCV  
  32  4:33  Marine  
  32  4:34  Marine  
  35  4:40  SCV  
  35  4:44  SCV  
  37  4:51  Marine  
  37  4:52  Marine, SCV  
  40  4:56  SCV  
  41  5:04  SCV  
  41  5:05  Hellion  
  44  5:08  SCV  
  44  5:09  Marine  
  44  5:13  Starport  
  46  5:18  Starport  
  46  5:26  Supply Depot  
  46  5:28  Supply Depot  
  46  5:34  Supply Depot  
  46  5:48  Hellion, SCV x2  
  50  6:00  SCV x2  
  52  6:10  Starport Tech Lab x2  
  52  6:21  SCV  
  53  6:29  Refinery  
  53  6:33  Refinery, SCV  
  54  6:45  SCV, Siege Tank  
  58  6:57  SCV  
  58  6:59  Fusion Core  
  58  7:01  Armory  
  59  7:04  Armory  
  59  7:08  Marine  
  59  7:09  Marine  
  59  7:10  SCV  
  62  7:17  Siege Tank  
  62  7:19  Starport  
  65  7:25  Starport  
  65  7:26  Marine x2  
  67  7:31  SCV  
  68  7:43  SCV  
  69  7:44  Command Center  
  69  7:55  SCV  
  70  8:03  Weapon Refit  
  70  8:09  SCV  
  71  8:17  Supply Depot x2  
  71  8:20  Supply Depot  
  71  8:21  Supply Depot, SCV  
  71  8:22  Supply Depot  
  71  8:23  Supply Depot  
  72  8:39  Supply Depot  
  72  8:51  Battlecruiser x2  
  84  8:58  Starport Tech Lab x2  
  84  9:15  Supply Depot x2  
  84  9:17  Supply Depot  
  84  9:21  Supply Depot  
Tags
 
Add a new tag
Caveats
  • Supply blocks, unpowered buildings, or Contaminate may cause inaccurate times.
  • Supply counts are checked every 10 seconds.